 Dungeon Crawl Stone Soup version 0.21.1-1-g345015f (webtiles) character file.

270 poirepourri the Magician (level 6, -1/28 HPs)
             Began as a Spriggan Conjurer on July 5, 2018.
             Killed by nerve-wracking pain
             ... invoked by an orc priest
              (2 damage)
             ... on level 4 of the Dungeon.
             The game lasted 00:05:58 (4457 turns).

poirepourri the Magician (Spriggan Conjurer)        Turns: 4457, Time: 00:05:59

Health: -1/28      AC:  3    Str:  4    XL:     6   Next: 1%
Magic:  1/15       EV: 18    Int: 18    God:
Gold:   194        SH:  0    Dex: 17    Spells: 2/16 levels left

rFire    . . .     SeeInvis +   d - +0 short sword
rCold    . . .     Gourm    .   (shield restricted)
rNeg     . . .     Faith    .   a - +0 robe
rPois    .         Spirit   .   (helmet restricted)
rElec    .         Reflect  .   f - +0 cloak
rCorr    .         Harm     .   (gloves unavailable)
MR       +....                  (boots unavailable)
Stlth    ++........             (no amulet)
HPRegen  0.09/turn              (no ring)
MPRegen  0.14/turn              (no ring)

@: very quick
A: very small, unfitting armour, see invisible, herbivore, speed 3, slow
metabolism 2
a: no special abilities


You were on level 4 of the Dungeon.
You were not hungry.

You visited 1 branch of the dungeon, and saw 4 of its levels.

You collected 194 gold pieces.

Inventory:

Hand Weapons
 d - a +0 short sword (weapon)
Armour
 a - a +0 robe (worn)
 f - a +0 cloak (worn)
Scrolls
 h - a scroll of fear
 i - 2 scrolls of magic mapping
 j - 2 scrolls of remove curse
 n - a scroll of teleportation
Potions
 e - 2 potions of heal wounds {unknown}
 g - a potion of berserk rage
 l - a potion of curing {unknown}
Books
 b - a book of Conjurations

   Spells                             Type                      Level
   a - Magic Dart                     Conjuration                  1
   b - Searing Ray                    Conjuration                  2
   c - Dazzling Spray                 Conjuration/Hexes            3
   d - Fulminant Prism                Conjuration/Hexes            4
   e - Force Lance                    Conjuration/Translocation    4
   f - Iskenderun's Mystic Blast      Conjuration                  4
Comestibles
 c - 4 rations


   Skills:
 - Level 3.0 Dodging
 - Level 3.0 Stealth
 + Level 5.9 Spellcasting
 - Level 4.3 Conjurations


You had 2 spell levels left.
You knew the following spells:

 Your Spells              Type           Power        Failure   Level  Hunger
a - Magic Dart            Conj           ###.         1%          1    None
b - Searing Ray           Conj           ###...       3%          2    None
c - Dazzling Spray        Conj/Hex       ##....       14%         3    ##.....
d - Fulminant Prism       Conj/Hex       ##........   43%         4    ####...
e - Force Lance           Conj/Tloc      ##......     43%         4    ####...


Dungeon Overview and Level Annotations

Branches:
Dungeon (4/15)
 Temple: D:4-7

Altars:
Trog


Innate Abilities, Weirdness & Mutations

You are very small and have problems with some larger weapons.
You are too small for most types of armour.
You have supernaturally acute eyesight. (SInv)
You are a herbivore.
You cover ground extremely quickly.
You need consume almost no food.


Message History

A leopard gecko comes into view.
Casting: Magic Dart
Confirm with . or Enter, or press ? or * to list all spells.
Aiming: Dazzling Spray
Press: ? - help, Shift-Dir - straight line, f/p - orc priest
Aim: an orc priest, wielding a dagger and wearing a leather armour (severely wounded)
The spray of energy hits the orc priest.
The orc priest is severely wounded.
The orc priest hits you with a dagger.
You hit the orc priest but do no damage.
The orc priest is severely wounded.
The orc priest completely misses you.
The orc priest calls down the wrath of Beogh upon you.
Beogh smites you!
* * * LOW HITPOINT WARNING * * *
You hit the orc priest but do no damage.
The orc priest is severely wounded.
The orc priest mumbles some strange prayers to Beogh against you.
Pain shoots through your body!
You die...

...........#......#
...........#......#
...........'......#
...........#......#
...........#..l...#
...........#......#
######.....#......#
##.....#......#
#......#..o@..#
#......#......#
#......#....).#
#......#......#
#......'......#
##+###+#####......#
#...............###
#...............#
#...............+


You could see an orc priest and a leopard gecko.

Vanquished Creatures
  2 orc priests
  An orc wizard (D:3)
  Robin (D:2)
  4 gnolls (D:3)
  6 adders
  An ooze (D:1)
  A worm (D:4)
  7 leopard geckos
  7 orcs
  A giant cockroach (D:3)
  7 hobgoblins
  4 kobolds
  A quokka (D:2)
  A ball python (D:3)
  5 bats
  5 frilled lizards
  13 goblins
  5 rats
72 creatures vanquished.

Notes
Turn   | Place    | Note
-------+----------+-------------------------------------------
     0 | D:1      | poirepourri the Spriggan Conjurer began the quest for the Orb.
     0 | D:1      | Reached XP level 1. HP: 9/9 MP: 5/5
   169 | D:1      | Reached skill level 3 in Spellcasting
   576 | D:1      | Reached XP level 2. HP: 13/13 MP: 3/7
   906 | D:2      | Noticed Robin
   907 | D:2      | Reached skill level 4 in Spellcasting
   992 | D:2      | Learned a level 2 spell: Searing Ray
  1122 | D:2      | Reached XP level 3. HP: 10/16 MP: 0/9
  1357 | D:2      | Learned a level 3 spell: Dazzling Spray
  1575 | D:2      | Reached skill level 5 in Spellcasting
  1577 | D:2      | Killed Robin
  1708 | D:2      | Found a bloodstained altar of Trog.
  1731 | D:2      | Reached XP level 4. HP: 21/21 MP: 7/12
  1742 | D:2      | Learned a level 4 spell: Fulminant Prism
  2907 | D:3      | Reached XP level 5. HP: 19/24 MP: 5/14
  3328 | D:3      | Learned a level 4 spell: Force Lance
  4379 | D:4      | Reached XP level 6. HP: 28/28 MP: 1/15
  4456 | D:4      | HP: 1/28 [orc priest/divine providence (10)]
  4457 | D:4      | Killed from afar by an orc priest

Skill      XL: |  1  2  3  4  5 |
---------------+----------------+-----
Spellcasting   | 3 4 5 |  5.9
Conjurations   | 3 4 |  4.3
Dodging        | |  3.0
Stealth        | |  3.0

Action                   |  1- 3 |  4- 6 || total
-------------------------+-------+-------++-------
Melee: Unarmed           |     2 |       ||     2
       Short sword       |     2 |    10 ||    12
 Cast: Magic Dart        |    60 |    31 ||    91
       Searing Ray       |     6 |    24 ||    30
       Dazzling Spray    |       |    12 ||    12
  Use: Scroll            |     5 |     2 ||     7
       Potion            |     1 |       ||     1
 Stab: Invisible         |       |     1 ||     1
  Eat: Ration            |     1 |       ||     1
Armor: Robe              |    21 |     4 ||    25
Dodge: Dodged            |    44 |    54 ||    98
